 Dungeon Crawl Stone Soup version 0.29-a0-322-g68df515428 (webtiles) character file.

Game seed: 13925512904218808120

58 Ontamu the Chiller (level 3, -1/19 HPs)
             Began as a Deep Elf Ice Elementalist on Apr 6, 2022.
             Killed from afar by an orc wizard (10 damage)
             ... with a magic dart
             ... on level 3 of the Dungeon.
             The game lasted 00:03:16 (1571 turns).

Ontamu the Chiller (Deep Elf Ice Elementalist)      Turns: 1571, Time: 00:03:17

Health: -1/19      AC:  5    Str:  5    XL:     3   Next: 75%
Magic:  9/10       EV: 12    Int: 21    God:
Gold:   90         SH:  0    Dex: 15    Spells: 8/9 levels left

rFire   . . .      SeeInvis +   c - +2 spear (venom)
rCold   . . .      Faith    .   (no shield)
rNeg    . . .      Spirit   .   a - +0 robe
rPois   .          Reflect  .   (no helmet)
rElec   .          Harm     .   (no cloak)
rCorr   .          Rampage  .   j - +2 pair of gloves
Will    .....                   (no boots)
Stlth   ++........              (no amulet)
HPRegen 0.06/turn               z - ring of see invisible
MPRegen 0.12/turn               (no ring)

@: no status effects
A: no striking features
a: no special abilities


You were on level 3 of the Dungeon.
You visited 1 branch of the dungeon, and saw 3 of its levels.

You collected 90 gold pieces.

Inventory:

Hand Weapons
 c - a +2 spear of venom (weapon)
   (You found it on level 1 of the Dungeon)
Armour
 a - a +0 robe (worn)
 j - a +2 pair of gloves (worn)
   (You found it on level 2 of the Dungeon)
 k - the +2 robe "Earthly Heaven" {Rampage rC+ Int-2}
   (You found it on level 2 of the Dungeon)

   Int:       It affects your intelligence (-2).
   rC:        It protects you from cold.
   Rampage:   It bestows one free step when moving towards enemies.
 l - the +1 plate armour of the Lich-sworn {rElec Int+2}
   (You found it on level 2 of the Dungeon)

   Int:       It affects your intelligence (+2).
   rElec:     It insulates you from electricity.
Magical Staves
 m - a staff of fire
   (You found it on level 3 of the Dungeon)
Jewellery
 z - a ring of see invisible (left hand)
   (You found it on level 1 of the Dungeon)
Scrolls
 d - a scroll of noise {unknown}
 e - a scroll of teleportation {unknown}
 f - 3 scrolls of identify {unknown}
 n - a scroll of immolation {unknown}
Potions
 b - 2 potions of magic
 g - a potion of berserk rage {unknown}
 h - 3 potions of curing {unknown}
 i - a potion of flight {unknown}


   Skills:
 - Level 2.4 Dodging
 - Level 2.4 Stealth
 + Level 3.9 Spellcasting
 + Level 5.6 Ice Magic


You had 8 spell levels left.
You knew the following spells:

 Your Spells              Type           Power      Damage    Failure   Level
a - Freeze                Ice            100%       1d11      1%          1

Your spell library contained the following spells:

 Spells                   Type           Power      Damage    Failure   Level
 Frozen Ramparts          Ice            54%        1d7       3%          3
 Ozocubu's Armour         Ice            27%        N/A       3%          3
 Hailstorm                Conj/Ice       15%        3d5       36%         4


Dungeon Overview and Level Annotations

Branches:
Dungeon (2/15)

Altars:
Beogh


Message History

A quokka comes into view.
A quokka is nearby!
You reach to attack!
The helpless quokka fails to defend itself.
You hit the quokka.
The quokka is poisoned.
You closely miss the quokka. The quokka barely misses you.
The quokka bites you but does no damage.
You closely miss the quokka. The quokka barely misses you.
You hit the quokka.
You kill the quokka!
You see here a quokka corpse.
You see here a quokka corpse.
Found 20 stones.
Found a whip.
You see here a +0 whip.
An endoplasm comes into view.
Found 14 gold pieces.
An endoplasm is nearby!
You reach to attack!
The helpless endoplasm fails to defend itself.
You hit the endoplasm. You hit the endoplasm.
You kill the endoplasm!
An orc wizard comes into view. It is wielding a +0 dagger.
Found 9 gold pieces.
An orc wizard is nearby!
An orc comes into view. It is wielding a +0 trident.
The orc shouts!
You hear a shout!
An orc comes into view. It is wielding a +0 short sword.
You see here 9 gold pieces.
The orc wizard shouts!
The orc wizard gestures at you while chanting.
The magic dart hits you.
You reach to attack!
You hit the orc wizard.
The orc wizard is poisoned.
The orc wizard casts a spell at you. You resist with some effort.
An orc comes into view. It is wielding a +0 club.
The orc shouts!
You reach to attack!
You closely miss the orc wizard. You closely miss the orc wizard.
The orc wizard casts a spell.
The orc wizard flickers and vanishes for a moment.
The orc hits you from afar with a +0 trident.
* * * LOW HITPOINT WARNING * * *
Aim: an orc wizard, wielding a +0 dagger and wearing a +0 robe (moderately wounded, slightly transparent, very poisoned)
You freeze the orc wizard.
The orc wizard gestures at you while chanting.
The magic dart hits you!
Ouch! That really hurt!
You die...

##############
.............#
..........#
#.....$.#.#
#.#####.#.#
#$#.# #@#.#
#o#.# #o#.#
#o#.#######
.o#.......#
#########.#
#.# #)# #.#


You could see an orc wizard (invisible, very poisoned) and 3 orcs.

Vanquished Creatures
  An adder (D:3)
  A worm (D:2)
  4 dart slugs (D:1)
  2 ball pythons (D:1)
  6 bats
  4 endoplasms
  3 giant cockroaches (D:1)
  A goblin (D:1)
  3 hobgoblins
  2 kobolds (D:1)
  4 quokkas
  A frilled lizard (D:1)
  3 rats (D:1)
35 creatures vanquished.

Notes
Turn   | Place    | Note
-------+----------+-------------------------------------------
     0 | D:1      | Ontamu the Deep Elf Ice Elementalist began the quest for
                  | the Orb.
     0 | D:1      | Reached XP level 1. HP: 10/10 MP: 6/6
   226 | D:1      | Reached skill level 5 in Ice Magic
   226 | D:1      | Reached XP level 2. HP: 14/15 MP: 5/8
   954 | D:1      | Reached XP level 3. HP: 19/19 MP: 9/9
  1185 | D:1      | Found a faded altar of an unknown god.
  1269 | D:2      | Identified the +2 robe "Earthly Heaven" {Rampage rC+ Int-2}
  1289 | D:2      | Identified the +1 plate armour of the Lich-sworn {rElec
                  | Int+2}
  1405 | D:2      | You fall into a shaft and drop 1 floor!
  1571 | D:3      | Killed from afar by an orc wizard

Illustrated notes

Levels and vault maps discovered:
D:1:      spicycebolla_arrival_xxxplode, layout_basic,
          hellmonk_ecumenical_altar_defaced_shrine
D:2:      minmay_spotlight, layout_loops_ring
D:3:      layout_basic, minmay_strange_pillars, uniq_ijyb,
          uniq_crazy_yiuf_cottage, uniq_grinder

Skill      XL: |  1 |
---------------+----+-----
Ice Magic      | 5 |  5.6
Dodging        | |  2.4
Stealth        | |  2.4
Spellcasting   | |  3.9

Action                   || total
-------------------------++-------
Melee: Spear             ||    90
 Cast: Freeze            ||     7
 Stab: Sleeping          ||    14
       Distracted        ||     1
Armor: Robe              ||    11
Dodge: Dodged            ||    35

Table legend: (Time is in decaauts)
 A = Elapsed time spent in this place.
 B = Non-inter-level travel time spent in this place.
 C = Inter-level travel time spent in this place.
 D = Time resting spent in this place.
 E = Time spent auto-exploring this place.
 F = Levels seen in this place.
 G = Mean time per level.
                   A        B        C        D        E       F      G
               +--------+--------+--------+--------+--------+-----+--------+
         Total |   1578 |   1559 |     19 |      0 |   1272 |   3 |  526.0 |
       Dungeon |   1578 |   1559 |     19 |      0 |   1272 |   3 |  526.0 |
               +--------+--------+--------+--------+--------+-----+--------+

Top non-repeatable levels by time:
     D:1: 1235 daAuts
     D:2: 175 daAuts
     D:3: 167 daAuts
